TOP OF THE 1ST |
Indianapolis Indians batting - Pitching for Sacramento River Cats : RHP Dave Crouch
|
Pitching: RHP Dave Crouch
|
|
Batting: RHB Jason Gee
|
0-0: Ball 1-0: DOUBLE (Line Drive, 5D, EV 95.6 MPH)
|
Batting: RHB Bubba Tierney
|
0-0: Called Strike 0-1: Ball 1-1: Ball 2-1: Ground out U3 (Groundball, 23, EV 81.9 MPH) Jason Gee to third
|
Batting: LHB Marc Carter
|
0-0: Called Strike 0-1: SINGLE (Groundball, 34D, EV 100.0 MPH) Jason Gee scores
|
Batting: RHB Luis Ramos
|
0-0: Called Strike 0-1: Fielders Choice at 2nd, 4-6 (Groundball, 4, EV 105.0 MPH)
|
Batting: RHB Richard Barrios
|
0-0: Called Strike Luis Ramos is caught stealing 2nd base 2-4
|
Top of the 1st over - 1 run, 2 hits, 0 errors, 0 left on base; Indianapolis 1 - Sacramento 0 |
BOTTOM OF THE 1ST |
Sacramento River Cats batting - Pitching for Indianapolis Indians : RHP Jeremy Parsnip
|
Pitching: RHP Jeremy Parsnip
|
|
Batting: LHB Mason Duffy
|
0-0: Ball 1-0: Ground out 5-3 (Groundball, 6, EV 108.8 MPH)
|
Batting: LHB Ryan Braden
|
0-0: Called Strike 0-1: Ball 1-1: Called Strike 1-2: Ball 2-2: Foul Ball, location: 2F 2-2: Foul Ball, location: 2F 2-2: Ball 3-2: SINGLE (Groundball, 6D, EV 102.5 MPH)
|
Batting: LHB Kevin Kantor
|
0-0: Ball 1-0: Called Strike 1-1: Fly out, F5 (Popup, 56, EV 58.8 MPH)
|
Batting: LHB Jared Paige
|
0-0: Ball 1-0: Ball 2-0: Fly out, F9 (Flyball, 9S, EV 83.1 MPH)
|
Bottom of the 1st over - 0 runs, 1 hit, 0 errors, 1 left on base; Indianapolis 1 - Sacramento 0 |
TOP OF THE 2ND |
Indianapolis Indians batting - Pitching for Sacramento River Cats : RHP Dave Crouch
|
Batting: RHB Richard Barrios
|
0-0: Called Strike 0-1: Ball 1-1: Fly out, F8 (Flyball, 89M, EV 78.8 MPH)
|
Batting: RHB Caleb Russell
|
0-0: Called Strike 0-1: Foul Ball, location: 2F 0-2: Ball 1-2: Ball 2-2: Strikes out swinging
|
Batting: LHB Edwin Aguilar
|
0-0: Ball 1-0: Ball 2-0: Ball 3-0: Called Strike 3-1: Base on Balls
|
Batting: RHB Isaiah Yarbrough
|
0-0: Ball 1-0: Called Strike 1-1: Foul Ball, location: 2F 1-2: Ball Edwin Aguilar is caught stealing 2nd base 2-4
|
Top of the 2nd over - 0 runs, 0 hits, 0 errors, 0 left on base; Indianapolis 1 - Sacramento 0 |
BOTTOM OF THE 2ND |
Sacramento River Cats batting - Pitching for Indianapolis Indians : RHP Jeremy Parsnip
|
Batting: RHB Tyler Mapes
|
0-0: Ball 1-0: Ball 2-0: Called Strike 2-1: Ball 3-1: Foul Ball, location: 2F 3-2: Ground out 1-3 (Groundball, 34S, EV 66.2 MPH)
|
Batting: RHB Hugo Zacarias
|
0-0: Called Strike 0-1: Ground out 1-3 (Groundball, 15S, EV 66.9 MPH)
|
Batting: RHB Nick Wicker
|
0-0: Ball 1-0: Called Strike 1-1: Ball 2-1: Foul Ball, location: 2F 2-2: Ground out U3 (Groundball, 3, EV 103.1 MPH)
|
Bottom of the 2nd over - 0 runs, 0 hits, 0 errors, 0 left on base; Indianapolis 1 - Sacramento 0 |
TOP OF THE 3RD |
Indianapolis Indians batting - Pitching for Sacramento River Cats : RHP Dave Crouch
|
Batting: RHB Isaiah Yarbrough
|
0-0: Ball 1-0: Ball 2-0: SINGLE (Groundball, 56, EV 95.6 MPH)
|
Batting: RHB Matt Keef
|
0-0: SINGLE (Groundball, 4S, EV 67.5 MPH) (infield hit) Isaiah Yarbrough to second
|
Batting: RHB Jason Gee
|
0-0: Foul Ball, location: 2F 0-1: Foul Ball, location: 2F 0-2: Foul Ball, location: 2F 0-2: Grounds into double play, 4-6-3 (Groundball, 4, EV 84.4 MPH) Isaiah Yarbrough to third
|
Batting: RHB Bubba Tierney
|
0-0: Foul Ball, location: 2F 0-1: Called Strike 0-2: Foul Ball, location: 2F 0-2: Ball 1-2: Ball 2-2: Ball 3-2: Foul Ball, location: 2F 3-2: Reached on error, E5 (Groundball, 25, EV 86.2 MPH) Isaiah Yarbrough scores
|
Batting: LHB Marc Carter
|
0-0: Ball Bubba Tierney steals 2nd base (no throw) 1-0: Ball 2-0: Called Strike 2-1: Called Strike 2-2: Ground out 4-3 (Groundball, 4, EV 76.2 MPH)
|
Top of the 3rd over - 1 run, 2 hits, 1 error, 1 left on base; Indianapolis 2 - Sacramento 0 |
BOTTOM OF THE 3RD |
Sacramento River Cats batting - Pitching for Indianapolis Indians : RHP Jeremy Parsnip
|
Batting: RHB Dave Crouch
|
0-0: Ball 1-0: Ball 2-0: Called Strike 2-1: Called Strike 2-2: Ball 3-2: Fly out, F8 (Flyball, 89D, EV 83.8 MPH)
|
Batting: RHB Bob Schweiger
|
0-0: Called Strike 0-1: SINGLE (Groundball, 56D, EV 103.8 MPH)
|
Batting: LHB Mason Duffy
|
0-0: Called Strike 0-1: Ball 1-1: SINGLE (Groundball, 34D, EV 94.4 MPH) Bob Schweiger to second Runner from 2nd tries for 3rd, SAFE, throw by RF made to third
|
Batting: LHB Ryan Braden
|
0-0: Ball Mason Duffy steals 2nd base 1-0: Swinging Strike 1-1: Foul Ball, location: 2F 1-2: Strikes out swinging
|
Batting: LHB Kevin Kantor
|
0-0: Ball 1-0: Ball 2-0: Ball 3-0: Fly out, F5 (Line Drive, 5L, EV 65.6 MPH)
|
Bottom of the 3rd over - 0 runs, 2 hits, 0 errors, 2 left on base; Indianapolis 2 - Sacramento 0 |
TOP OF THE 4TH |
Indianapolis Indians batting - Pitching for Sacramento River Cats : RHP Dave Crouch
|
Batting: RHB Luis Ramos
|
0-0: Ground out 4-3 (Groundball, 4, EV 76.2 MPH)
|
Batting: RHB Richard Barrios
|
0-0: Ground out 5-3 (Groundball, 56S, EV 81.9 MPH)
|
Batting: RHB Caleb Russell
|
0-0: Called Strike 0-1: Fly out, F8 (Flyball, 8RS, EV 85.0 MPH)
|
Top of the 4th over - 0 runs, 0 hits, 0 errors, 0 left on base; Indianapolis 2 - Sacramento 0 |
BOTTOM OF THE 4TH |
Sacramento River Cats batting - Pitching for Indianapolis Indians : RHP Jeremy Parsnip
|
Batting: LHB Jared Paige
|
0-0: Ball 1-0: Fly out, F8 (Flyball, 8LD, EV 82.5 MPH)
|
Batting: RHB Tyler Mapes
|
0-0: Ball 1-0: Swinging Strike 1-1: Foul Ball, location: 2F 1-2: Foul Ball, location: 2F 1-2: Ground out 5-3 (Groundball, 5, EV 85.6 MPH)
|
Batting: RHB Hugo Zacarias
|
0-0: Called Strike 0-1: Ball 1-1: Ball 2-1: Ground out 1-3 (Groundball, 34S, EV 73.1 MPH)
|
Bottom of the 4th over - 0 runs, 0 hits, 0 errors, 0 left on base; Indianapolis 2 - Sacramento 0 |
TOP OF THE 5TH |
Indianapolis Indians batting - Pitching for Sacramento River Cats : RHP Dave Crouch
|
Batting: LHB Edwin Aguilar
|
0-0: Swinging Strike 0-1: Foul Ball, location: 2F 0-2: Ball 1-2: Foul Ball, location: 2F 1-2: SINGLE (Line Drive, 8RS, EV 99.4 MPH)
|
Batting: RHB Isaiah Yarbrough
|
0-0: Called Strike 0-1: Ball 1-1: Foul Ball, location: 2F 1-2: Ball 2-2: Ball 3-2: SINGLE (Groundball, 25, EV 69.4 MPH) (infield hit) Edwin Aguilar to second
|
Batting: RHB Matt Keef
|
0-0: Ball 1-0: DOUBLE (Flyball, 89XD, EV 101.2 MPH) Edwin Aguilar scores Isaiah Yarbrough to third Runner from 3rd tries for Home, SAFE, throw by RF to home
|
Batting: RHB Jason Gee
|
0-0: Ball 1-0: Ball 2-0: Reached on error, E6 (Groundball, 6, EV 101.9 MPH) Matt Keef to third
|
Batting: RHB Bubba Tierney
|
0-0: Ball 1-0: Fielders Choice at 2nd, 5-4 (Groundball, 5L, EV 85.6 MPH) Matt Keef scores
|
Batting: LHB Marc Carter
|
0-0: Called Strike 0-1: SINGLE (Groundball, 56D, EV 106.2 MPH) Bubba Tierney to second Runner from 2nd tries for 3rd, SAFE, throw by LF made to third Marc Carter to second
|
Pitching: RHP Adam Browne
|
|
Batting: RHB Luis Ramos
|
0-0: Ball Passed Ball! Bubba Tierney scores Marc Carter to third 1-0: Ball 2-0: Foul Ball, location: 2F 2-1: Called Strike 2-2: Foul Ball, location: 2F 2-2: Ball 3-2: Ground out 5-3 (Groundball, 5L, EV 81.9 MPH)
|
Batting: RHB Richard Barrios
|
0-0: Ball 1-0: Ball 2-0: Called Strike 2-1: Ball 3-1: Ground out 3-1 (Groundball, 13, EV 90.6 MPH)
|
Top of the 5th over - 4 runs, 4 hits, 1 error, 1 left on base; Indianapolis 6 - Sacramento 0 |
BOTTOM OF THE 5TH |
Sacramento River Cats batting - Pitching for Indianapolis Indians : RHP Jeremy Parsnip
|
Batting: RHB Nick Wicker
|
0-0: Called Strike 0-1: Ball 1-1: Ball 2-1: Swinging Strike 2-2: Foul Ball, location: 2F 2-2: Ball 3-2: Foul Ball, location: 2F 3-2: Ground out 6-3 (Groundball, 56, EV 103.1 MPH)
|
Batting: RHB Dave Crouch
|
0-0: Ball 1-0: Ball 2-0: SINGLE (Line Drive, 6M, EV 102.5 MPH)
|
Batting: RHB Bob Schweiger
|
0-0: SINGLE (Groundball, 56D, EV 110.0 MPH) Dave Crouch to second
|
Batting: LHB Mason Duffy
|
0-0: Called Strike 0-1: Ball 1-1: Ball 2-1: Ball 3-1: Base on Balls Dave Crouch to third Bob Schweiger to second
|
Batting: LHB Ryan Braden
|
0-0: Ball 1-0: Called Strike 1-1: Foul Ball, location: 2F 1-2: Ball 2-2: Grounds into double play, 6-4-3 (Groundball, 6, EV 95.6 MPH)
|
Bottom of the 5th over - 0 runs, 2 hits, 0 errors, 2 left on base; Indianapolis 6 - Sacramento 0 |
TOP OF THE 6TH |
Indianapolis Indians batting - Pitching for Sacramento River Cats : RHP Adam Browne
|
Batting: RHB Caleb Russell
|
0-0: Ball 1-0: Ball 2-0: Ground out 5-3 (Groundball, 56S, EV 87.5 MPH)
|
Batting: LHB Edwin Aguilar
|
0-0: Ball 1-0: Foul Ball, location: 2F 1-1: Fly out, F9 (Flyball, 9D, EV 105.0 MPH)
|
Batting: RHB Isaiah Yarbrough
|
0-0: Ball 1-0: Swinging Strike 1-1: Ball 2-1: Swinging Strike 2-2: Strikes out swinging
|
Top of the 6th over - 0 runs, 0 hits, 0 errors, 0 left on base; Indianapolis 6 - Sacramento 0 |
BOTTOM OF THE 6TH |
Sacramento River Cats batting - Pitching for Indianapolis Indians : RHP Jeremy Parsnip
|
Batting: LHB Kevin Kantor
|
0-0: Ball 1-0: Fly out, F6 (Popup, 6M, EV 75.6 MPH)
|
Batting: LHB Jared Paige
|
0-0: Ball 1-0: Fly out, F7 (Line Drive, 78S, EV 91.2 MPH)
|
Batting: RHB Tyler Mapes
|
0-0: Foul Ball, location: 2F 0-1: Foul Ball, location: 2F 0-2: SOLO HOME RUN (Flyball, 78XD, EV 103.1 MPH), Distance : 432 ft
|
Batting: RHB Hugo Zacarias
|
0-0: Ball 1-0: Called Strike 1-1: Called Strike 1-2: Ball 2-2: SINGLE (Line Drive, 9S, EV 100.0 MPH)
|
Batting: RHB Nick Wicker
|
0-0: Called Strike 0-1: Ball 1-1: Ball 2-1: Ball 3-1: DOUBLE (Line Drive, 8RXD, EV 103.8 MPH) Hugo Zacarias to third Runner from 3rd tries for Home, throw by CF and OUT! 8-4-2
|
Bottom of the 6th over - 1 run, 3 hits, 0 errors, 1 left on base; Indianapolis 6 - Sacramento 1 |
TOP OF THE 7TH |
Indianapolis Indians batting - Pitching for Sacramento River Cats : RHP Adam Browne
|
Batting: RHB Matt Keef
|
0-0: Called Strike 0-1: Foul Ball, location: 2F 0-2: Foul Ball, location: 2F 0-2: SINGLE (Groundball, 6D, EV 96.2 MPH)
|
Batting: RHB Jason Gee
|
0-0: Ball 1-0: Ball 2-0: Ball 3-0: Base on Balls Matt Keef to second
|
Pitching: LHP Adam Ody
|
|
Batting: RHB Bubba Tierney
|
0-0: Bunted foul 0-1: Sac Bunt to 13S - play at first, batter OUT! 1-4 Matt Keef to third Jason Gee to second
|
Batting: LHB Marc Carter
|
0-0: Called Strike 0-1: Ball 1-1: Ball 2-1: Ball 3-1: Fly out, F8 (Flyball, 8LXD, EV 107.5 MPH) Runner from 3rd tags up, SCORES, no throw by CF
|
Batting: RHB Luis Ramos
|
0-0: Ball 1-0: Ball 2-0: Ground out 4-3 (Groundball, 4, EV 80.6 MPH)
|
Top of the 7th over - 1 run, 1 hit, 0 errors, 1 left on base; Indianapolis 7 - Sacramento 1 |
BOTTOM OF THE 7TH |
Sacramento River Cats batting - Pitching for Indianapolis Indians : RHP Jeremy Parsnip
|
Batting: RHB Dave Crouch
|
0-0: SINGLE (Flyball, 3D, EV 86.2 MPH)
|
Batting: RHB Bob Schweiger
|
0-0: Ball 1-0: Ball 2-0: Called Strike 2-1: Foul Ball, location: 2F 2-2: SINGLE (Groundball, 56D, EV 103.1 MPH) Dave Crouch to second
|
Pitching: LHP Josh Ramirez
|
|
Batting: LHB Mason Duffy
|
0-0: Ball 1-0: Fielders Choice at 2nd, 4-6 (Groundball, 4, EV 83.8 MPH) Dave Crouch to third
|
Batting: LHB Ryan Braden
|
0-0: Ball Mason Duffy steals 2nd base 1-0: Foul Ball, location: 2F 1-1: Foul Ball, location: 2F 1-2: SINGLE (Groundball, 6D, EV 101.2 MPH) Dave Crouch scores Mason Duffy to third Runner from 3rd tries for Home, SAFE, throw by LF to home
|
Batting: LHB Kevin Kantor
|
0-0: Swinging Strike 0-1: Called Strike 0-2: Strikes out swinging
|
Batting: LHB Jared Paige
|
0-0: Ball 1-0: Swinging Strike 1-1: Called Strike 1-2: Ball 2-2: Strikes out swinging
|
Bottom of the 7th over - 2 runs, 3 hits, 0 errors, 1 left on base; Indianapolis 7 - Sacramento 3 |
TOP OF THE 8TH |
Indianapolis Indians batting - Pitching for Sacramento River Cats : LHP Adam Ody
|
Batting: RHB Richard Barrios
|
0-0: Called Strike 0-1: Ball 1-1: Ball 2-1: Swinging Strike 2-2: Strikes out looking
|
Batting: RHB Caleb Russell
|
0-0: Called Strike 0-1: Fly out, F7 (Flyball, 7D, EV 100.0 MPH)
|
Batting: LHB Edwin Aguilar
|
0-0: Ground out 6-3 (Groundball, P, EV 88.1 MPH)
|
Top of the 8th over - 0 runs, 0 hits, 0 errors, 0 left on base; Indianapolis 7 - Sacramento 3 |
BOTTOM OF THE 8TH |
Sacramento River Cats batting - Pitching for Indianapolis Indians : LHP Josh Ramirez
|
Batting: RHB Tyler Mapes
|
0-0: SINGLE (Line Drive, 3D, EV 101.2 MPH)
|
Batting: RHB Hugo Zacarias
|
0-0: Called Strike 0-1: Called Strike 0-2: Ball 1-2: Ball 2-2: Ball 3-2: Strikes out swinging Tyler Mapes is caught stealing 2nd base 2-4 Batter strikes out.
|
Batting: RHB Nick Wicker
|
0-0: Called Strike 0-1: Ground out 4-3 (Groundball, 4S, EV 93.1 MPH)
|
Bottom of the 8th over - 0 runs, 1 hit, 0 errors, 0 left on base; Indianapolis 7 - Sacramento 3 |
TOP OF THE 9TH |
Indianapolis Indians batting - Pitching for Sacramento River Cats : LHP Adam Ody
|
Pitching: RHP Israel Alvarado
|
|
Batting: RHB Isaiah Yarbrough
|
0-0: Ball 1-0: Ball 2-0: Called Strike 2-1: Foul Ball, location: 2F 2-2: Ball 3-2: Base on Balls
|
Batting: RHB Matt Keef
|
0-0: Bunted foul 0-1: Ball 1-1: Ball 2-1: Bunted foul 2-2: Foul Ball, location: 2F 2-2: Foul Ball, location: 2F 2-2: Fly out, F9 (Line Drive, 89M, EV 91.2 MPH)
|
Batting: RHB Jason Gee
|
0-0: Ball 1-0: Ball Isaiah Yarbrough steals 2nd base 2-0: Ball 3-0: Called Strike 3-1: Foul Ball, location: 2F 3-2: SINGLE (Groundball, 6, EV 99.4 MPH) Isaiah Yarbrough to third
|
Pitching: RHP Doug Kennie
|
|
Batting: RHB Bubba Tierney
|
0-0: Fly out, F7 (Flyball, 78S, EV 94.4 MPH)
|
Batting: LHB Marc Carter
|
0-0: Ball 1-0: Called Strike 1-1: Reached on error, E4 (Groundball, 34, EV 107.5 MPH) Isaiah Yarbrough scores Jason Gee to second
|
Batting: RHB Luis Ramos
|
0-0: Ball 1-0: Called Strike 1-1: Foul Ball, location: 2F 1-2: Strikes out swinging
|
Top of the 9th over - 1 run, 1 hit, 1 error, 2 left on base; Indianapolis 8 - Sacramento 3 |
BOTTOM OF THE 9TH |
Sacramento River Cats batting - Pitching for Indianapolis Indians : LHP Josh Ramirez
|
Batting: RHB Dave Crouch
|
0-0: Ball 1-0: SINGLE (Line Drive, 4M, EV 98.8 MPH)
|
Batting: RHB Bob Schweiger
|
0-0: Ball 1-0: Grounds into double play, 5-4-3 (Groundball, 56, EV 94.4 MPH)
|
Pinch Hitting: RHB Brian Rogers
|
0-0: Foul Ball, location: 2F 0-1: Foul Ball, location: 2F 0-2: Ball 1-2: Ball 2-2: SINGLE (Line Drive, 8RS, EV 96.9 MPH)
|
Batting: LHB Ryan Braden
|
0-0: Foul Ball, location: 2F 0-1: Ball 1-1: Swinging Strike 1-2: Ball 2-2: Foul Ball, location: 2F 2-2: SINGLE (Groundball, 4D, EV 93.8 MPH) Brian Rogers to second
|
Batting: LHB Kevin Kantor
|
0-0: Ball 1-0: Ball 2-0: Fly out, F7 (Flyball, 7, EV 78.1 MPH)
|
Bottom of the 9th over - 0 runs, 3 hits, 0 errors, 2 left on base; Indianapolis 8 - Sacramento 3 |
|